 Dungeon Crawl Stone Soup version 0.17.1-1-g73c8601 (webtiles) character file.

363 Goblin1989 the Insei (level 6, -1/32 HPs)
             Began as a Vine Stalker Monk on Dec 31, 2015.
             Was a Believer of Makhleb.
             Slain by Crazy Yiuf
             ... wielding a +3 quarterstaff of chaos
              (11 damage)
             ... on level 3 of the Dungeon.
             The game lasted 00:12:10 (3359 turns).

Goblin1989 the Insei (Vine Stalker Monk)            Turns: 3359, Time: 00:12:11

Health: -1/32      AC:  9    Str: 14    XL:     6   Next: 67%
Magic:  0/17       EV: 11    Int: 12    God:    Makhleb [**....]
Gold:   144        SH:  0    Dex: 16    Spells: 0 memorised, 5 levels left

rFire  . . .     SeeInvis .       - Unarmed
rCold  . . .     Clarity  .     g - +0 ring mail
rNeg   . . .     SustAt   .     (no shield)
rPois  .         Gourm    .     (no helmet)
rElec  .         Spirit   +     d - +0 cloak
rCorr  .         Warding  .     (no gloves)
rMut   .         Stasis   .     (no boots)
MR     .....                    (no amulet)
Stlth  ++........               v - ring of magical power
                                n - +3 ring of protection

@: very slightly contaminated, hasted, very quick, not resistant to hostile
enchantments, unstealthy
A: fangs 2, regeneration 2, magic shield, antimagic bite, no device heal 3, rot
immunity
a: Minor Destruction, Renounce Religion


You were on level 3 of the Dungeon.
You worshipped Makhleb.
Makhleb was pleased with you.
You were very hungry.

You visited 2 branches of the dungeon, and saw 7 of its levels.

You collected 144 gold pieces.

Inventory:

Missiles
 e - 161 stones (quivered)
Armour
 d - a +0 cloak (worn)
 g - a +0 ring mail (worn)
Jewellery
 n - a +3 ring of protection (left hand)
 v - a ring of magical power (right hand)
Scrolls
 c - 3 scrolls of remove curse {unknown}
 i - 4 scrolls of identify {unknown}
 j - 3 scrolls of recharging {unknown}
 l - 2 scrolls of magic mapping {unknown}
 o - 3 scrolls of teleportation {unknown}
 r - a scroll of enchant armour {unknown}
 s - 2 scrolls of immolation {unknown}
 u - 2 scrolls of blinking {unknown}
Potions
 a - a potion of invisibility {unknown}
 f - a potion of poison {unknown}
 h - a potion of lignification {unknown}
 k - a potion of degeneration {unknown}
 m - a potion of haste {unknown}
 p - a potion of magic {unknown}
 t - a potion of berserk rage {unknown}
 w - a potion of might {unknown}
Comestibles
 b - 2 bread rations
 q - 2 meat rations


   Skills:
 - Level 2.6 Fighting
 - Level 2.4 Dodging
 + Level 5.4 Stealth
 * Level 6.4 Unarmed Combat
 + Level 1.6 Invocations


You had 5 spell levels left.
You didn't know any spells.

Dungeon Overview and Level Annotations

Branches:
Dungeon (6/15)             Temple (1/1) D:5

Altars:
Ashenzari
Dithmenos
Elyvilon
Fedhas
Kikubaaqudgha
Makhleb
Nemelex Xobeh
Qazlal
Yredelemnul
Zin
Lugonu

Shops:
D:4 :

Annotations:
D:3 Crazy Yiuf
D:4 Goblin1989's ghost, weakling VSMo
D:5 Menkaure
D:6 Grinder


Innate Abilities, Weirdness & Mutations

You have extremely sharp teeth.
You heal very quickly.
When hurt, damage is shared between your health and your magic reserves.
Your bite disrupts and absorbs the magic of your enemies.
Potions and wands cannot restore your health.
You are immune to rotting.


Message History

Crazy Yiuf says, "Scoff!"
You hit Crazy Yiuf but do no damage. Your bite misses Crazy Yiuf.
Crazy Yiuf hits you but does no damage.
You are electrocuted!
Ouch! That really hurt!
You hit Crazy Yiuf but do no damage. You barely miss Crazy Yiuf.
Crazy Yiuf hits you but does no damage.
You feel yourself speed up.
You are very lightly contaminated with residual magic.
You hit Crazy Yiuf. You punch Crazy Yiuf, but do no damage.
You bite Crazy Yiuf. You drain his power.
You feel invigorated.
Crazy Yiuf is heavily wounded.
Crazy Yiuf hits you with a quarterstaff of chaos.
Crazy Yiuf freezes you.
You hit Crazy Yiuf but do no damage. You bite Crazy Yiuf, but do no damage.
Crazy Yiuf is heavily wounded.
You barely miss Crazy Yiuf. Your bite misses Crazy Yiuf.
Crazy Yiuf is heavily wounded.
Crazy Yiuf hits you with a quarterstaff of chaos.
Space warps horribly around you!
You die...

#...............#
#.#############.#
### #.# #.# #.##
#### ### ♣♣##..#
...# #)..#♣
♣♣P....# ####
#..g..♣♣♣♣PP....#
♣..♣.P@...##
♣♣♣.♣g♣..##
♣♣♣♣♣###


You could see Crazy Yiuf.

Vanquished Creatures
  A scorpion (D:5)
  2 crimson imps (D:5)
  An orc wizard (D:5)
  A worker ant (D:6)
  9 adders
  4 gnolls (D:3)
  An ooze (D:4)
  An adder skeleton (D:4)
  A worm (D:2)
  5 giant geckos
  5 orcs
  A ball python (D:5)
  6 bats
  3 goblins
  A hobgoblin (D:2)
  3 jackals (D:3)
  2 giant cockroaches (D:3)
  A giant gecko skeleton (D:5)
  3 giant newts
  3 kobolds
  2 quokkas
  2 rats
  A fungus (D:3)
59 creatures vanquished.

Notes
Turn   | Place    | Note
--------------------------------------------------------------
     0 | D:1      | Goblin1989 the Vine Stalker Monk began the quest for the Orb.
     0 | D:1      | Reached XP level 1. HP: 11/11 MP: 2/2
   103 | D:2      | Reached XP level 2. HP: 16/16 MP: 3/3
   303 | D:2      | Reached XP level 3. HP: 19/19 MP: 4/4
   825 | D:4      | Reached skill level 5 in Unarmed Combat
   825 | D:4      | Reached XP level 4. HP: 23/23 MP: 5/5
   871 | D:5      | Entered Level 5 of the Dungeon
   931 | D:5      | Reached XP level 5. HP: 12/27 MP: 3/6
  1080 | D:5      | Found a staircase to the Ecumenical Temple.
  1090 | Temple   | Entered the Ecumenical Temple
  1122 | Temple   | Became a worshipper of Makhleb the Destroyer
  1122 | Temple   | Reached * piety under Makhleb
  1122 | Temple   | Reached ** piety under Makhleb
  1242 | D:4      | Noticed Goblin1989's ghost (weakling VSMo)
  1388 | D:4      | Found Ykhlig's Book Boutique.
  1908 | D:4      | Found a basalt altar of Yredelemnul.
  1973 | D:4      | Noticed an ogre
  2008 | D:5      | Noticed Menkaure
  2124 | D:6      | Noticed a black bear
  2150 | D:5      | Reached skill level 6 in Unarmed Combat
  2225 | D:5      | Reached skill level 5 in Stealth
  2225 | D:5      | Reached skill level 1 in Invocations
  2225 | D:5      | Gained mutation: You heal very quickly. [Vine Stalker growth]
  2225 | D:5      | Reached XP level 6. HP: 32/32 MP: 7/7
  2501 | D:6      | Noticed Grinder
  2513 | D:6      | Paralysed by Grinder for 2 turns
  2522 | D:6      | Paralysed by Grinder for 5 turns
  2574 | D:3      | Found a sparkling altar of Nemelex Xobeh.
  2745 | D:3      | Found a shattered altar of Ashenzari.
  3096 | D:3      | Found a blossoming altar of Fedhas.
  3342 | D:3      | Noticed Crazy Yiuf
  3359 | D:3      | Slain by Crazy Yiuf

Action                   |  1- 3 |  4- 6 || total
-------------------------+-------+-------++-------
Melee: Unarmed           |    66 |   222 ||   288
 Stab: Sleeping          |     5 |     4 ||     9
  Eat: Chunk             |       |     5 ||     5
       Pizza             |       |     1 ||     1
